 Dungeon Crawl Stone Soup version 0.32-a0-921-g04a7ad8e02 (webtiles) character file.

Game seed: 2830198494974762074

642679 ILmort the Ruinous (level 27, -2/249 HPs)
             Began as a Tengu Air Elementalist on Apr 12, 2024.
             Was the Champion of Ashenzari.
             Slain by Meofol the pandemonium lord (19 damage)
             ... on level 1 of the Depths on Apr 14, 2024.
             The game lasted 05:52:23 (122868 turns).

ILmort the Ruinous (Tengu Air Elementalist)       Turns: 122868, Time: 05:52:23

Health: -2/249     AC: 33    Str:  8    XL:     27
Magic:  4/52       EV: 37    Int: 35    God:    Ashenzari [******]
Gold:   3756       SH: 15    Dex: 24    Spells: 6/74 levels left

rFire   + + .        p - +9 morningstar of Ashenzari's Inaction {flame, Dex+6, Fort, Self} (curse)
rCold   + + .        D - +3 buckler of the Visionary Gnosis {AC+3, Dev, Sorc} (curse)
rNeg    + + .        c - melded +2 leather armour of Ashenzari's Blue Moon {rElec Str+2 Dex+3, Cun, Elem} (curse)
rPois   ∞            Z - +0 hat "Share My Yoke" {Cun, Self} (curse)
rElec   +            q - +2 cloak of the Unveiling Sky {Comp, Elem} (curse)
rCorr   +            Y - melded +0 pair of gloves of Curses and Power {Fort, Elem} (curse)
SInv    +            (boots unavailable)
Will    ++...        X - amulet of the Fated Lifelessness {Reflect ^Contam +Inv Int+3 Dex+3 SH+5, Self, Range} (curse)
Stlth   ++           h - ring of the Unyielding Gaze {Wiz +Blink rElec rF+ Dex+3, Self, Bglg} (curse)
HPRegen 0.61/turn    L - ring of Supernal Wisdom {rC+ rN+ rCorr Dex-3 Stlth+, Elem, Melee} (curse)
MPRegen 0.33/turn

%: reflection, acrobat, clarity, wizardry (x1)
@: about to teleport, statue-form, resistant, flying, very slow
A: slow and powerful, torment resistance 1, flying, boosted hp, beak, talons 3,
evasive flight, acrobatic, clever 1, mutation resistance 1, persistent drain
0: Orb of Zot
}: 5/15 runes: decaying, slimy, silver, abyssal, gossamer
a: Begin Untransformation, Renounce Religion, Evoke Blink, Evoke Invisibility,
Shatter the Chains


You were on level 1 of the Depths.
You worshipped Ashenzari.
Ashenzari was exalted by your worship.
You were a living statue of rough stone.
You visited 12 branches of the dungeon, and saw 56 of its levels.
You visited the Abyss 1 time.

You collected 8735 gold pieces.
You spent 4979 gold pieces at shops.

Inventory:

Hand Weapons
 p - the cursed +9 morningstar of Ashenzari's Inaction (weapon) {flame, Dex+6, Fort, Self}
   (You bought it in a shop on level 2 of the Orcish Mines)

   Dex+6:     It affects your dexterity (+6).
   It has a curse which improves the following skills: Fortitude: Armour and
   Shields.
   Introspection: Fighting and Spellcasting.
Missiles
 z - 14 silver javelins
 E - 10 curare-tipped darts
Armour
 c - the cursed +2 leather armour of Ashenzari's Blue Moon (melded) {rElec Str+2 Dex+3, Cun, Elem}
   (You found it on level 2 of the Lair of Beasts)

   Str+2:     It affects your strength (+2).
   Dex+3:     It affects your dexterity (+3).
   rElec:     It insulates you from electricity.
   It has a curse which improves the following skills: Cunning: Dodging and
   Stealth.
   Elements:  Fire Magic, Ice Magic, Air Magic and Earth Magic.
 q - the cursed +2 cloak of the Unveiling Sky (worn) {Comp, Elem}
   (You found it on level 4 of the Lair of Beasts)

   It has a curse which improves the following skills: Companions: Summonings
   and Necromancy.
   Elements:  Fire Magic, Ice Magic, Air Magic and Earth Magic.
 D - the cursed +3 buckler of the Visionary Gnosis (worn) {AC+3, Dev, Sorc}
   (You took it off a tengu reaver on level 1 of the Depths)

   It has a curse which improves the following skills: Devices: Evocations and
   Shapeshifting.
   Sorcery:   Conjurations and Alchemy.
 Y - the cursed +0 pair of gloves of Curses and Power (melded) {Fort, Elem}
   (You found it on level 4 of the Swamp)

   It has a curse which improves the following skills: Fortitude: Armour and
   Shields.
   Elements:  Fire Magic, Ice Magic, Air Magic and Earth Magic.
 Z - the cursed +0 hat "Share My Yoke" (worn) {Cun, Self}
   (You took it off Gastronok on level 2 of the Lair of Beasts)

   It has a curse which improves the following skills: Cunning: Dodging and
   Stealth.
   Introspection: Fighting and Spellcasting.
Jewellery
 h - the cursed ring of the Unyielding Gaze (left fist) {Wiz +Blink rElec rF+ Dex+3, Self, Bglg}
   (You took it off a deep elf annihilator on level 3 of the Elven Halls)

   [ring of wizardry]

   Wiz:       It improves your spell success rate.
   Dex+3:     It affects your dexterity (+3).
   rF+:       It protects you from fire.
   rElec:     It insulates you from electricity.
   +Blink:    It lets you blink.
   It has a curse which improves the following skills: Introspection: Fighting
   and Spellcasting.
   Beguiling: Hexes and Translocations.
 v - the ring "Etiz Yff" {Will+ Str+5}
   (You found it on level 5 of the Pits of Slime)

   [ring of willpower]

   Str+5:     It affects your strength (+5).
   Will+:     It increases your willpower.
 L - the cursed ring of Supernal Wisdom (right fist) {rC+ rN+ rCorr Dex-3 Stlth+, Elem, Melee}
   (You bought it in a shop on level 3 of the Depths)

   [ring of resist corrosion]

   Dex-3:     It affects your dexterity (-3).
   rC+:       It protects you from cold.
   rN+:       It protects you from negative energy.
   rCorr:     It protects you from acid and corrosion.
   Stlth+:    It makes you more stealthy.
   It has a curse which improves the following skills: Elements: Fire Magic, Ice
   Magic, Air Magic and Earth Magic.
   Melee Combat: Short Blades, Long Blades, Axes, Maces & Flails, Polearms,
   Staves and Unarmed Combat.
 Q - a ring of willpower
 X - the cursed amulet of the Fated Lifelessness (around neck) {Reflect ^Contam +Inv Int+3 Dex+3 SH+5, Self, Range}
   (You took it off a deep elf demonologist on level 3 of the Elven Halls)

   [amulet of reflection]

   Reflect:   It reflects blocked missile attacks.
   Int+3:     It affects your intelligence (+3).
   Dex+3:     It affects your dexterity (+3).
   +Inv:      It lets you turn invisible.
   ^Contam:   It causes magical contamination when unequipped.
   SH+5:      It affects your SH (+5).
   It has a curse which improves the following skills: Introspection: Fighting
   and Spellcasting.
   Ranged Combat: Ranged Weapons and Throwing.
Talismans
 w - a granite talisman (active)
Wands
 a - a wand of digging (19)
 J - a wand of mindburst (42)
 T - a wand of light (49)
 U - a wand of iceblast (70)
 V - a wand of paralysis (52)
Scrolls
 b - 14 scrolls of teleportation
 e - 11 scrolls of vulnerability
 f - 6 scrolls of noise
 o - 4 scrolls of fear
 s - 8 scrolls of poison
 C - 13 scrolls of revelation
 F - 4 scrolls of torment
 G - 5 scrolls of silence
 K - 10 scrolls of amnesia
 M - 6 scrolls of butterflies
Potions
 i - 9 potions of curing
 k - a potion of invisibility
 m - 5 potions of might
 n - 12 potions of attraction
 r - 5 potions of cancellation
 x - 4 potions of mutation
 A - 8 potions of ambrosia
 B - 6 potions of brilliance
 H - 5 potions of berserk rage
 P - 6 potions of enlightenment
 S - 13 potions of lignification
Miscellaneous
 j - a phial of floods
 l - a condenser vane
 u - a phantom mirror


   Skills:
 - Level 19.5(24.9) Fighting
 - Level 22.9(25.0) Dodging
 - Level 5.0(7.3) Stealth
 - Level 5.9(8.4) Shields
 - Level 18.5(24.0) Spellcasting
 + Level 25.3(27) Conjurations
 - Level 7.8(10.3) Summonings
 - Level 20.1(23.3) Fire Magic
 - Level 19.1(22.4) Air Magic
 - Level 7.0(9.5) Evocations
 - Level 13.9(16.3) Shapeshifting


You had 6 spell levels left.
You knew the following spells:

 Your Spells              Type           Power      Damage    Failure   Level
a - Shock                 Conj/Air       100%       1d9       0%          1
b - Static Discharge      Conj/Air       100%       3-8/arc   0%          2
c - Foxfire               Conj/Fire      100%       2x1d9     0%          1
d - Iskenderun's Mystic   Conj/Tloc      95%        2d18      (+2d11%     4
e - Stone Arrow           Conj/Erth      100%       3d13      0%          3
f - Starburst             Conj/Fire      60%        6d16      0%          6
g - Plasma Beam           Fire/Air       58%        2x1d73    0%          6
h - Fulminant Prism       Conj/Alch      47%        3d20      1%          4
i - Spellforged Servitor  Conj/Summ      53%        N/A       1%          7
j - Swiftness             Air            100%       N/A       0%          3
k - Blink                 Tloc           88%        N/A       1%          2
l - Fire Storm            Conj/Fire      60%        8d15      1%          9
m - Ignition              Fire           58%        3d16      1%          8
n - Bombard               Conj/Erth      47%        9d8       1%          6
o - Searing Ray           Conj           100%       2d8       0%          2
p - Airstrike             Air            57%        2d(9-25)  0%          4

Your spell library contained the following spells:

 Spells                   Type           Power      Damage    Failure   Level
 Kiss of Death            Conj/Necr      100%       2d13      0%          1
 Magic Dart               Conj           100%       1d8       0%          1
 Sting                    Conj/Alch      100%       1d9       0%          1
 Call Imp                 Summ           100%       N/A       0%          2
 Mercury Vapours          Alch/Air       100%       N/A       0%          2
 Momentum Strike          Conj/Tloc      100%       3d10      0%          2
 Scorch                   Fire           100%       2d9       0%          2
 Hailstorm                Conj/Ice       95%        3d15      0%          3
 Mephitic Cloud           Conj/Alch/Air  100%       N/A       0%          3
 Volatile Blastmotes      Fire/Tloc      100%       2d18      0%          3
 Flame Wave               Conj/Fire      100%       2d21      0%          4
 Summon Lightning Spire   Summ/Air       100%       N/A       0%          4
 Fireball                 Conj/Fire      60%        3d23      0%          5
 Iskenderun's Battlesphe  Conj           100%       2d15      0%          5
 Conjure Ball Lightning   Conj/Air       60%        3x3d22    0%          6
 Apportation              Tloc           88%        N/A       1%          1
 Freeze                   Ice            100%       1d10      1%          1
 Necrotise                Necr           100%       1d9       1%          1
 Sandblast                Erth           90%        2d19      1%          1
 Slow                     Hex            100%       N/A       1%          1
 Ensorcelled Hibernation  Hex/Ice        88%        N/A       1%          2
 Jinxbite                 Hex            88%        N/A       1%          2
 Lesser Beckoning         Tloc           88%        N/A       1%          2
 Call Canine Familiar     Summ           85%        N/A       1%          3
 Confusing Touch          Hex            44%        N/A       1%          3
 Frozen Ramparts          Ice            90%        1d14      1%          3
 Maxwell's Portable Pile  Tloc           44%        2d(9-26)  1%          3
 Ozocubu's Armour         Ice            45%        N/A       1%          3
 Sigil of Binding         Hex            44%        N/A       1%          3
 Teleport Other           Tloc           44%        N/A       1%          3
 Tukima's Dance           Hex            44%        N/A       1%          3
 Vampiric Draining        Necr           44%        2d9       1%          3
 Animate Armour           Summ/Erth      100%       N/A       1%          4
 Brom's Barrelling Bould  Conj/Erth      95%        2d10      1%          4
 Ignite Poison            Fire/Alch      90%        N/A       1%          4
 Martyr's Knell           Necr/Summ      68%        N/A       1%          4
 Sticky Flame             Fire/Alch      90%        2d14      1%          4
 Vhi's Electric Charge    Tloc/Air       100%       N/A       1%          4
 Freezing Cloud           Conj/Ice/Air   51%        6-21      1%          5
 Irradiate                Conj/Alch      47%        3d27      1%          5
 Summon Forest            Summ/Tloc      34%        N/A       1%          5
 Summon Mana Viper        Hex/Summ       68%        N/A       1%          5
 Summon Cactus Giant      Summ           42%        N/A       1%          6
 Anguish                  Hex/Necr       22%        N/A       2%          4
 Animate Dead             Necr           44%        N/A       2%          4
 Cause Fear               Hex            22%        N/A       2%          4
 Dimensional Bullseye     Hex/Tloc       22%        N/A       2%          4
 Leda's Liquefaction      Alch/Erth      22%        N/A       2%          4
 Olgreb's Toxic Radiance  Alch           44%        N/A       2%          4
 Petrify                  Alch/Erth      44%        N/A       2%          4
 Borgnjor's Vile Clutch   Necr/Erth      22%        N/A       8%          5
 Metabolic Englaciation   Hex/Ice        22%        N/A       8%          5
 Alistair's Intoxication  Alch           29%        N/A       9%          5
 Curse of Agony           Necr           44%        N/A       9%          5
 Yara's Violent Unravell  Hex/Alch       22%        3d10      9%          5
 Death Channel            Necr           22%        N/A       38%         6
 Dispersal                Tloc           22%        N/A       38%         6
 Eringya's Noxious Bog    Alch           22%        4d6       38%         6
 Gell's Gavotte           Tloc           22%        2d(21-31) 38%         6
 Permafrost Eruption      Ice/Erth       22%        2x4d6     38%         6
 Sculpt Simulacrum        Ice/Alch       22%        N/A       38%         6
 Summon Hydra             Summ           42%        N/A       4%          7
 Lehudib's Crystal Spear  Conj/Erth      47%        10d11     8%          8
 Ozocubu's Refrigeration  Ice            22%        4d12      89%         7
 Enfeeble                 Hex            22%        N/A       91%         7
 Manifold Assault         Tloc           22%        N/A       91%         7
 Dragon's Call            Summ           42%        N/A       98%         9
 Discord                  Hex            22%        N/A       100%        8
 Disjunction              Tloc           22%        N/A       100%        8
 Polar Vortex             Ice            22%        12d3*     100%        9
 Sublimation of Blood     Necr           Unusable   N/A       N/A         2

Dungeon Overview and Level Annotations

Branches:
Dungeon (15/15)            Temple (1/1) D:5            Lair (5/5) D:8
  Swamp (4/4) Lair:3       Spider (4/4) Lair:2        Slime (5/5) Lair:5
    Orc (2/2) D:10            Elf (3/3) Orc:2        Vaults (5/5) D:13
  Crypt (3/3) Vaults:2     Depths (4/4) D:15            Zot (5/5) Depths:4
   Tomb: Crypt:3

Altars:
Ashenzari
Cheibriados
Dithmenos
Elyvilon
Fedhas
Gozag
Hepliaklqana
Kikubaaqudgha
Makhleb
Nemelex Xobeh
Okawaru
Qazlal
Ru
Sif Muna
Trog
Uskayaw
Vehumet
Wu Jian
Xom
Yredelemnul
Zin
The Shining One
Jiyva

Shops:
D:1 (   Orc:2 *=*:?   Elf:3 :**   Vaults:4 (   Depths:1 *   Depths:2 :
Depths:3 (*(?**

Portals:
Hell: Depths:1 Depths:2 Depths:3 Depths:4
Abyss: Depths:3 Depths:4
Pandemonium: Depths:2
Ziggurat: Depths:2
Trove: Vaults:1 (give 5 scrolls of blinking)

Annotations:
D:5 1 runed translucent door, exclusions: door and downstairs, BlackSun's ghost, novice FoFi
D:9 exclusion: downstairs
D:11 exclusion: 2 downstairs
D:12 exclusion: downstairs
Lair:1 exclusion: downstairs
Swamp:3 exclusion: downstairs
Elf:1 exclusion: downstairs
Vaults:1 exclusion: downstairs
Crypt:1 1 runed translucent door, exclusion: door, Gith's ghost, veteran MeFi
Crypt:3 Mennas
Depths:2 exclusion: orange crystal statue
Zot:2 exclusion: 2 downstairs
Zot:5 exclusion: 2 upstairs


Innate Abilities, Weirdness & Mutations

You are a living statue of rough stone.
Your actions are slow, but your melee attacks are powerful.
You are resistant to unholy torment.
You are flying.
Your maximum health is greatly increased.
Your equipment is partially melded.
You are immune to poison.
You have a beak for a mouth.
You have claws for feet.
Your magical flight helps you evade attacks. (EV +4)
You can magically evade attacks while moving or waiting.
Your mind is acute. (Int +4, Str/Dex -1)
You are somewhat resistant to further mutation.
Your health recovers twice as slowly from being drained.


Message History

The hell beast dies!
Your spellforged servitor is knocked back by the blast.
Your spellforged servitor disappears in a puff of smoke!
A Hell Sentinel comes into view.
An Orb Guardian comes into view.
There is a stone staircase leading up here.
The Hell Sentinel gestures at you.
The sphere of damnation explodes!
The damnation engulfs you!!
* * * LOW HITPOINT WARNING * * *
You hear a roar!
You fly upwards.
You block the rust devil's attack. x2
There is a stone staircase leading down here.
As you read the scroll of teleportation, it crumbles to dust.
You feel strangely unstable.
You feel the Orb delaying your translocation!
You block the rust devil's attack.
Meofol gestures.
Lightning arcs from Meofol's claws!
The bolt of lightning hits you!! You resist.
* * * LOW HITPOINT WARNING * * *
A bolt of lightning appears from out of thin air!
The bolt of lightning hits the rust devil!!
The rust devil resists.
The rust devil completely misses you.
You feel protected. You block the rust devil's attack.
You feel better.
Meofol gestures.
Lightning arcs from Meofol's claws!
The bolt of lightning hits you!! You resist.
* * * LOW HITPOINT WARNING * * *
A bolt of lightning appears from out of thin air!
The bolt of lightning hits the rust devil!!
The rust devil resists.
The rust devil dies!
The bolt of lightning hits Meofol.
Meofol resists.
As you read the scroll of fog, it dissolves into smoke.
Casting: Plasma Beam (safe; 0% risk of failure)
You summon a servant imbued with your destructive magic!
Meofol hits you!!
You die...

###...................#
......................##
.......................####
..........................#
.........................##
..........................#
..............§.§.§.......#
..............§9§&§.......#
..............§§I§§.......#
........#####..§§§§.......#
.......## ##.§§§§...#####
..###.## ########## .## ###
## #


You could see Meofol (ally target) and a friendly spellforged servitor
(summoned).

Vanquished Creatures
  the Royal Jelly (Slime:5)
  3 dread liches (Zot:5)
  3 orbs of fire (Zot:5)
  3 ancient liches
  Sojobo (Vaults:2)
  3 Killer Klowns (Zot:5)
  5 golden dragons
  Nikola (Spider:3)
  Jorgrun (Spider:1)
  An electric golem (Zot:5)
  Zenata (Elf:3)
  A hellephant (Depths:4)
  8 liches
  6 tentacled monstrosities
  Rupert (D:12)
  3 deep elf blademasters
  19 Orb Guardians
  3 quicksilver dragons
  Asterion (Depths:1)
  7 titans
  12 acid blobs
  6 sphinxes
  2 deep elf master archers (Elf:3)
  6 death cobs
  4 ancient champions
  2 thorn hunters
  Agnes (Spider:4)
  11 tengu reavers
  6 shadow dragons
  Kirke (Elf:1)
  Gastronok (Lair:2)
  5 storm dragons
  2 draconian knights
  7 fire giants
  4 draconian monks
  A fenstrider witch (Swamp:4)
  2 revenants
  2 draconian shifters
  8 deep elf sorcerers
  8 azure jellies
  6 emperor scorpions
  2 rockslimes
  2 iron dragons
  A draconian scorcher (Zot:1)
  16 vault wardens
  11 frost giants
  2 curse skulls (Vaults:2)
  Louise (Spider:3)
  5 ghost moths
  2 orc warlords
  3 deep elf elementalists (Elf:3)
  3 draconian annihilators
  14 ironbound preservers
  A broodmother (Spider:3)
  2 draconian stormcallers
  6 formless jellyfish
  19 stone giants
  23 very ugly things
  4 spriggan defenders
  15 quicksilver oozes
  6 ironbound thunderhulks
  6 deep elf demonologists
  7 green draconians
  2 caustic shrike skeletons (Crypt:1)
  6 vampire knights
  4 spark wasps
  5 eleionomae
  5 deep elf death magi
  6 purple draconians
  2 black draconians
  7 bunyips
  A lorocyproca (Depths:2)
  12 deep elf annihilators
  4 red draconians
  9 white draconians
  7 yellow draconians
  8 dire elephants
  12 ettins
  2 war gargoyles
  Snorg (D:12)
  4 fire dragons
  20 jiangshi
  2 green deaths (Depths:2)
  4 eidola (Crypt:1)
  A crystal guardian (Vaults:2)
  Josephine (Lair:5)
  9 entropy weavers
  13 yaktaur captains
  3 rakshasas
  3 deep elf high priests
  Fannar (Lair:2)
  8 great orbs of eyes
  2 spriggan zombies (Crypt:1)
  A peacekeeper (Vaults:2)
  13 hydras
  10 ice dragons
  28 vault guards
  A shambling mangrove (Swamp:3)
  A catoblepas (shapeshifter) (Vaults:5)
  2 ghost crabs
  A catoblepas (Lair:5)
  4 spriggan skeletons
  14 alligators
  3 spriggan air magi
  2 death knights
  11 ironbound frosthearts
  2 ogre magi (Vaults:5)
  5 boulder beetles
  8 centaur warriors
  2 fenstrider witch skeletons (Crypt:1)
  6 radroaches
  27 dancing weapons
  4 death yaks (Lair:5)
  3 two-headed ogres
  6 deep troll shamans
  12 demonic crawlers
  6 orc high priests
  7 deep troll earth magi
  2 tengu warriors
  12 vampire magi
  A shock serpent (shapeshifter) (Vaults:5)
  4 hell hogs
  Sonja (Orc:1)
  2 occultists
  7 spriggan berserkers
  Nergalle (Lair:2)
  20 deep elf knights
  4 soul eaters
  6 iron trolls (Depths:1)
  5 hell knights
  A skyshark (shapeshifter) (Depths:3)
  2 titan skeletons (Crypt:1)
  A wretched star (Abyss:3)
  8 pharaoh ants
  2 sixfirhies
  3 death drakes
  2 shadow wraiths (Crypt:3)
  47 skeletal warriors
  Lodul (D:13)
  A skyshark (Lair:4)
  A flayed ghost (Depths:1)
  A cherub (Zot:1)
  8 deep elf archers
  5 spriggan druids
  7 orb spiders
  26 deep trolls
  3 bunyip zombies (Swamp:4)
  5 arcanists
  4 lindwurms
  5 goliath frogs
  2 spectral hydras (Swamp:2)
  14 bog bodies
  2 glowing orange brains
  9 swamp dragons
  32 deep elf zephyrmancers
  13 phantasmal warriors
  A steelbarb worm (shapeshifter) (Depths:3)
  Pikel (D:6)
  2 thermic dynamos
  5 alligator zombies (Swamp:2)
  An anaconda skeleton (Crypt:1)
  35 deep elf pyromancers
  14 steelbarb worms
  2 large abominations (Swamp:2)
  A bunyip skeleton (Swamp:4)
  18 ironbound convokers
  A harpy (Vaults:1)
  An orc knight (Vaults:5)
  6 orc sorcerers
  A faun (shapeshifter) (Depths:2)
  A shining eye (Slime:2)
  45 ugly things
  2 goliath frog zombies (Swamp:2)
  11 necromancers
  3 manticores
  15 wolf spiders
  A shadow dragon skeleton (Crypt:1)
  A tengu skeleton (Crypt:1)
  4 will-o-the-wisps
  4 cyclopes
  A centaur zombie (Crypt:2)
  A frost giant skeleton (Vaults:2)
  4 elephants (Lair:5)
  A naga zombie (Crypt:1)
  13 meliai
  10 moths of wrath
  6 black mambas
  A kobold blastminer (Orc:2)
  A manticore (shapeshifter) (Depths:2)
  2 stone giant skeletons
  2 rust devils (D:12)
  18 vault sentinels
  A dire elephant zombie (Crypt:1)
  A smoke demon (Abyss:3)
  A torpor snail (shapeshifter) (Elf:1)
  7 torpor snails
  3 eyes of devastation
  A gargoyle (D:14)
  14 cane toads
  5 orange demons
  4 kobold demonologists
  5 centaur skeletons
  A cane toad (shapeshifter) (Elf:1)
  An unseen horror (D:11)
  2 dire elephant skeletons (Crypt:1)
  Jeremiah (D:7)
  3 naga skeletons
  A steelbarb worm zombie (Crypt:2)
  4 rime drakes
  An ice devil (Abyss:3)
  46 yaktaurs
  3 swamp worm zombies (Swamp:2)
  2 freezing wraiths
  17 komodo dragons
  A minotaur skeleton (Crypt:2)
  5 tengu conjurers
  An unseen horror skeleton (Crypt:2)
  2 golden dragon simulacra
  5 tyrant leeches
  A troll (shapeshifter) (Elf:1)
  A merfolk (shapeshifter) (Vaults:4)
  An ancient zyme (Abyss:3)
  31 tarantellas
  10 trolls
  15 hornets
  29 jumping spiders
  A shadow dragon simulacrum (Crypt:1)
  4 bloated husks
  2 polar bears
  5 glass eyes
  4 harpy skeletons (Crypt:1)
  15 blink frogs
  A wolf spider simulacrum (D:14)
  A hydra skeleton (Crypt:1)
  A raiju (Abyss:3)
  4 spectral swamp dragons (Swamp:2)
  7 dream sheep
  3 elf skeletons (Vaults:2)
  111 slime creatures
  An ettin skeleton (Crypt:2)
  An ice dragon skeleton (Crypt:1)
  10 wraiths
  A wyvern (shapeshifter) (D:13)
  17 spriggans
  2 shadows (D:11)
  2 air elementals (Elf:1)
  19 culicivoras
  4 fire elementals
  8 wyverns
  2 water elementals
  50 yaks
  A basilisk (Lair:2)
  A neqoxec (Abyss:3)
  3 golden eyes (Slime:1)
  2 tyrant leech zombies (Swamp:2)
  4 hogs (Elf:1)
  64 redbacks
  7 vampire mosquitoes
  5 wargs
  2 steam dragons (D:10)
  A wind drake skeleton (Crypt:1)
  3 spriggan simulacra
  An acid dragon (D:8)
  11 swamp worms
  A hydra simulacrum (Crypt:1)
  An ogre skeleton (Vaults:2)
  9 water moccasins
  A glowing shapeshifter skeleton (Vaults:2)
  7 hell hounds
  A deep troll skeleton (Crypt:1)
  30 orc warriors
  An ice beast (D:7)
  10 swamp drakes (Swamp:4)
  4 sky beasts
  8 black bears
  2 black mamba simulacra (Crypt:1)
  5 boggarts (D:15)
  19 ogres
  An ettin simulacrum (Crypt:1)
  42 laughing skulls
  2 swamp dragon skeletons
  22 wolves
  4 lemures
  8 centaurs
  A rime drake zombie (Crypt:1)
  An elephant skeleton (Crypt:2)
  2 blink frog skeletons
  2 phantoms
  Blork the orc (D:5)
  A weeping skull (Crypt:3)
  2 gnoll sergeants
  7 kobold brigands
  9 scorpions
  19 bullfrogs
  3 earth elementals
  A cyclops zombie (Crypt:1)
  A naga simulacrum (Crypt:1)
  5 small abominations (Abyss:3)
  A glowing shapeshifter simulacrum (Depths:3)
  7 human skeletons (Vaults:2)
  3 wights (D:7)
  4 troll zombies (Swamp:2)
  A shapeshifter zombie (Crypt:1)
  3 killer bees (D:8)
  8 howler monkeys
  2 electric eels
  2 jellies
  A bombardier beetle (D:4)
  6 hounds
  35 orc priests
  7 starcursed masses (Abyss:3)
  A sleepcap (D:6)
  A black bear skeleton (Crypt:2)
  A black bear zombie (Crypt:1)
  3 iguanas
  Natasha (thrice) (D:3)
  25 orc wizards
  7 adders
  12 gnolls
  2 shadow imps
  A white imp (D:6)
  2 ufetubi (D:4)
  A ribbon worm (D:2)
  A dart slug (D:4)
  68 orcs
  4 bats
  4 endoplasms
  2 giant cockroaches
  12 goblins
  12 hobgoblins
  4 jackals (D:3)
  2 quokkas
  9 ball pythons
  4 frilled lizards
  A frilled lizard zombie (Crypt:2)
  20 kobolds
  8 rats
  A starspawn tentacle (Abyss:3)
2300 creatures vanquished.

Vanquished Creatures (collateral kills)
  An ancient lich (Zot:5)
  A curse toe (Zot:1)
  3 golden dragons
  An electric golem (Zot:5)
  A hellephant (Depths:4)
  4 tentacled monstrosities
  A walking crystal tome (Depths:1)
  5 Orb Guardians (Zot:5)
  A titan (Depths:2)
  4 quicksilver dragons
  An Executioner (Depths:2)
  2 sphinxes (Vaults:5)
  2 death cobs
  3 storm dragons
  2 azure jellies
  4 fire giants
  A frost giant (Depths:2)
  A draconian scorcher (Zot:5)
  7 rockslimes
  2 vault wardens (Vaults:5)
  A spriggan defender (Depths:1)
  2 draconian annihilators
  A quicksilver ooze (Slime:5)
  3 very ugly things
  2 formless jellyfish (Slime:5)
  5 stone giants
  A green draconian (Zot:5)
  A black draconian (Zot:5)
  2 war gargoyles
  A wendigo (Depths:3)
  2 red draconians
  2 white draconians
  2 yellow draconians
  3 ettins
  4 fire dragons
  A yaktaur captain (Vaults:5)
  A vault guard (Vaults:5)
  A great orb of eyes (Vaults:5)
  A hell beast (Depths:2)
  3 hell hogs (Depths:4)
  A deep troll shaman (Depths:2)
  A tengu warrior (Depths:4)
  5 deep troll earth magi
  4 deep trolls
  2 iron trolls (Depths:3)
  A shadow demon (Depths:2)
  2 ugly things
  A moth of wrath (Zot:5)
  A rust devil (Depths:3)
  A tormentor (Depths:2)
  4 slime creatures (Slime:5)
  A redback (Vaults:5)
  A chaos spawn (Depths:2)
  A glowing shapeshifter simulacrum (Depths:3)
112 creatures vanquished.

Vanquished Creatures (others)
  A tentacled starspawn (Abyss:3)
  A frost giant (Vaults:5)
  A formless jellyfish (Slime:4)
  A deep elf demonologist (Elf:3)
  An orb spider (Spider:3)
  A rust devil (Depths:1)
  A smoke demon (Zot:5)
  A bloated husk (Swamp:4)
  A swamp drake (Swamp:4)
  A sky beast (D:10)
  A small abomination (Depths:2)
  26 fire vortices
  812 foxfires
  9 fulminant prisms
  7 starspawn tentacles (Abyss:3)
865 creatures vanquished.

Grand Total: 3277 creatures vanquished

Notes
Turn   | Place    | Note
-------+----------+-------------------------------------------
     0 | D:1      | ILmort the Tengu Air Elementalist began the quest for the
                  | Orb.
     0 | D:1      | Reached XP level 1. HP: 10/10 MP: 4/4
   313 | D:1      | Found Zuijytu's Weapon Shop.
   341 | D:1      | Reached XP level 2. HP: 15/15 MP: 4/6
   986 | D:2      | Found an ancient bone altar of Kikubaaqudgha.
  1028 | D:2      | Reached skill level 5 in Air Magic
  1125 | D:2      | Reached XP level 3. HP: 19/19 MP: 4/7
  1882 | D:2      | Found a faded altar of an unknown god.
  1942 | D:2      | Reached XP level 4. HP: 24/24 MP: 2/9
  2643 | D:3      | Learned a level 2 spell: Static Discharge
  2645 | D:3      | Learned a level 1 spell: Foxfire
  2662 | D:3      | Noticed Natasha
  2670 | D:3      | Killed Natasha
  2799 | D:3      | Reached XP level 5. HP: 28/28 MP: 3/10
  2855 | D:3      | Noticed Natasha
  2864 | D:3      | Killed Natasha
  2865 | D:3      | Reached skill level 2 in Conjurations
  3519 | D:3      | Noticed Natasha
  3523 | D:3      | Killed Natasha
  3658 | D:4      | Learned a level 3 spell: Swiftness
  3731 | D:5      | Entered Level 5 of the Dungeon
  3792 | D:4      | Reached XP level 6. HP: 32/32 MP: 9/11
  4102 | D:4      | Reached skill level 3 in Conjurations
  4650 | D:5      | Gained mutation: Your magical flight helps you evade
                  | attacks. (EV +4) [Tengu growth]
  4650 | D:5      | Reached XP level 7. HP: 27/36 MP: 6/13
  5195 | D:5      | Found a staircase to the Ecumenical Temple.
  5269 | D:5      | Noticed Blork the orc
  5292 | Temple   | Entered the Ecumenical Temple
  5315 | Temple   | Became a worshipper of Ashenzari the Shackled
  5378 | D:5      | Killed Blork the orc
  5379 | D:5      | Reached skill level 1 in Fighting
  5379 | D:5      | Reached skill level 4 in Conjurations
  5599 | D:5      | Found a runed translucent door.
  5604 | D:5      | Noticed BlackSun's ghost (novice FoFi)
  6109 | D:6      | Found a shimmering altar of Xom.
  6168 | D:6      | Reached XP level 8. HP: 45/45 MP: 3/15
  6500 | D:6      | Identified the +1 scale mail "Ciamaoz" {^Contam Dex+5}
  6655 | D:6      | Noticed Pikel
  6974 | D:6      | Reached skill level 5 in Dodging
  7232 | D:6      | Killed Pikel
  7233 | D:6      | Reached skill level 1 in Fire Magic
  7875 | D:6      | Reached XP level 9. HP: 53/54 MP: 11/17
  8003 | D:7      | Noticed Jeremiah
  8021 | D:7      | Killed Jeremiah
  8022 | D:7      | Reached skill level 5 in Fighting
  8229 | D:7      | Reached skill level 5 in Spellcasting
  8701 | D:7      | Found a blossoming altar of Fedhas.
  9261 | D:7      | Reached * piety under Ashenzari
  9603 | D:8      | Learned a level 4 spell: Airstrike
  9610 | D:8      | Learned a level 6 spell: Plasma Beam
 10016 | D:8      | Reached skill level 10 in Air Magic
 10071 | D:9      | Reached skill level 5 in Fire Magic
 10071 | D:9      | Reached XP level 10. HP: 36/63 MP: 8/20
 10366 | D:8      | Found a staircase to the Lair.
 10658 | D:8      | Reached ** piety under Ashenzari
 11173 | D:10     | Entered Level 10 of the Dungeon
 11178 | D:10     | Noticed a kobold demonologist
 11184 | D:10     | Noticed a kobold demonologist
 11185 | D:10     | Reached skill level 5 in Stealth
 11268 | D:9      | Killed a kobold demonologist
 11334 | D:10     | Noticed a sixfirhy
 11935 | D:9      | Noticed a deep elf pyromancer
 11946 | D:9      | Killed a deep elf pyromancer
 12085 | D:10     | Noticed a two-headed ogre
 12184 | D:9      | Noticed a two-headed ogre
 12198 | D:9      | Killed a two-headed ogre
 12199 | D:9      | Reached XP level 11. HP: 48/69 MP: 13/22
 12285 | D:9      | Reached *** piety under Ashenzari
 12817 | D:10     | Noticed a sixfirhy
 13777 | D:10     | Killed a two-headed ogre
 14051 | D:10     | Found a staircase to the Orcish Mines.
 14894 | D:11     | Reached skill level 15 in Air Magic
 15040 | D:11     | Noticed a cyclops
 15123 | D:11     | Killed a cyclops
 15259 | D:11     | Noticed a red ugly thing
 15269 | D:11     | Noticed a deep elf pyromancer
 15325 | D:10     | Killed a red ugly thing
 15781 | D:11     | Noticed a centaur warrior
 15789 | D:11     | Killed a centaur warrior
 16333 | D:11     | Killed a deep elf pyromancer
 16334 | D:11     | Reached skill level 1 in Shields
 16334 | D:11     | Reached XP level 12. HP: 76/76 MP: 17/24
 16557 | D:12     | Noticed Snorg
 16974 | D:12     | Found a shadowy altar of Dithmenos.
 17019 | D:12     | Noticed Rupert
 17051 | D:12     | Paralysed by Rupert for 4 turns
 17057 | D:12     | Paralysed by Rupert for 5 turns
 17221 | Lair:1   | Entered Level 1 of the Lair of Beasts
 18182 | Lair:2   | Noticed Gastronok
 18291 | Lair:1   | Found a shimmering altar of Xom.
 18321 | Lair:1   | HP: 1/77 [komodo dragon (30)]
 18901 | Lair:1   | Reached **** piety under Ashenzari
 18966 | Lair:2   | Killed Gastronok
 18967 | Lair:2   | Noticed Fannar
 20011 | Lair:2   | Reached skill level 1 in Evocations
 20011 | Lair:2   | Reached XP level 13. HP: 84/84 MP: 21/28
 20392 | Lair:2   | Found a hole to the Spider Nest.
 21027 | Lair:2   | Noticed Nergalle
 21031 | Lair:2   | Killed Nergalle
 21413 | Lair:2   | Killed Fannar
 22155 | Lair:2   | Identified the +2 leather armour of Fis Fox {rElec Str+2
                  | Dex+3}
 22175 | Lair:2   | Reached ***** piety under Ashenzari
 23112 | Lair:3   | Reached skill level 10 in Fire Magic
 23770 | Lair:3   | Found a staircase to the Swamp.
 23771 | Lair:3   | Noticed an eleionoma
 23778 | Lair:3   | Killed an eleionoma
 24513 | Lair:5   | Entered Level 5 of the Lair of Beasts
 24717 | Lair:5   | Reached skill level 10 in Fighting
 24731 | Lair:5   | Reached XP level 14. HP: 74/96 MP: 4/31
 25410 | Lair:5   | Noticed Josephine
 25413 | Lair:5   | Killed Josephine
 25414 | Lair:5   | Reached skill level 5 in Shields
 27010 | Lair:5   | Found a staircase to the Slime Pits.
 28145 | Lair:5   | Noticed a dire elephant
 28205 | Lair:5   | Reached skill level 5 in Conjurations
 28341 | Lair:5   | Killed a dire elephant
 29696 | D:12     | Killed Rupert
 29697 | D:12     | Killed Snorg
 30430 | D:12     | Reached skill level 6 in Conjurations
 30848 | Orc:1    | Entered Level 1 of the Orcish Mines
 30869 | Orc:1    | Noticed an orc warlord
 31212 | D:10     | Killed an orc warlord
 31619 | Orc:1    | Noticed Sonja
 31692 | Orc:1    | Killed Sonja
 31823 | Orc:2    | Entered Level 2 of the Orcish Mines
 31823 | Orc:2    | Found a staircase to the Elven Halls.
 32151 | Orc:2    | Found Imyofai's Assorted Antiques.
 32571 | Orc:2    | Reached XP level 15. HP: 103/103 MP: 26/33
 32753 | Orc:2    | Reached skill level 7 in Conjurations
 33295 | Orc:2    | Learned a level 6 spell: Starburst
 34031 | Orc:2    | Reached skill level 8 in Conjurations
 34297 | Orc:2    | Noticed an orc warlord
 34300 | Orc:2    | Killed an orc warlord
 35708 | Orc:2    | Found Ilauck's Book Emporium.
 35708 | Orc:2    | Found Acazempe's Magic Scroll Emporium.
 35709 | Orc:2    | Found Buagim's Assorted Antiques.
 35713 | Orc:2    | Found Pofijef's Jewellery Shoppe.
 35716 | Orc:2    | Bought a scroll of fear for 52 gold pieces
 35716 | Orc:2    | Bought a scroll of butterflies for 52 gold pieces
 35716 | Orc:2    | Bought a scroll of fog for 52 gold pieces
 36664 | D:13     | Noticed Lodul
 36879 | D:13     | Reached skill level 9 in Conjurations
 37474 | D:13     | Found a gate to the Vaults.
 37577 | D:13     | Killed Lodul
 38013 | D:15     | Entered Level 15 of the Dungeon
 39983 | D:14     | Reached XP level 16. HP: 110/110 MP: 5/34
 40857 | D:15     | Found a staircase to the Depths.
 41385 | Swamp:1  | Entered Level 1 of the Swamp
 41577 | Orc:2    | Bought a book of Weapons for 504 gold pieces
 41582 | Orc:2    | Learned a level 4 spell: Iskenderun's Mystic Blast
 42077 | Swamp:1  | Reached skill level 10 in Spellcasting
 43343 | Swamp:2  | Noticed a thorn hunter
 43476 | Swamp:2  | Killed a thorn hunter
 46475 | Swamp:3  | Reached skill level 15 in Fire Magic
 47135 | Swamp:2  | Reached XP level 17. HP: 118/118 MP: 29/36
 47451 | Swamp:2  | Identified the Anthology of Star-crossed Prima Materia
 47455 | Swamp:2  | Identified the Handbook of the Silversmith
 48087 | Swamp:4  | Entered Level 4 of the Swamp
 48941 | Swamp:4  | Reached skill level 15 in Fighting
 51996 | Swamp:4  | Got a decaying rune of Zot
 52155 | Swamp:4  | Identified the +8 ring mail "Plog" {rElec}
 52528 | Swamp:4  | Found an ancient bone altar of Kikubaaqudgha.
 52530 | Swamp:4  | Identified the Parchment of Bones
 52774 | Swamp:4  | Learned a level 8 spell: Ignition
 52901 | Spider:1 | Entered Level 1 of the Spider Nest
 53310 | Spider:1 | Reached skill level 10 in Conjurations
 53739 | Spider:1 | Reached skill level 10 in Dodging
 54562 | Spider:1 | Noticed Jorgrun
 54639 | Spider:1 | Killed Jorgrun
 54640 | Spider:1 | Reached XP level 18. HP: 127/127 MP: 16/38
 56692 | Spider:1 | Reached skill level 11 in Conjurations
 59126 | Spider:4 | Entered Level 4 of the Spider Nest
 59578 | Spider:3 | Noticed Nikola
 59593 | Spider:3 | Killed Nikola
 59800 | Spider:3 | Noticed Louise
 59820 | Abyss:3  | Cast into level 3 of the Abyss (Louise)
 60173 | Abyss:3  | Noticed a bone dragon
 60391 | Abyss:3  | Gained mutation: You have hidden genetic defects. [a
                  | neqoxec]
 60414 | Abyss:3  | Noticed a lich
 60431 | Abyss:3  | Gained mutation: You are frail. (-10% HP) [a neqoxec]
 60433 | Abyss:3  | Found a corrupted altar of Lugonu.
 60441 | Abyss:3  | Gained mutation: You occasionally lose the ability to drink
                  | potions when taking damage. [a neqoxec]
 60444 | Abyss:3  | Paralysed by accursed screaming for 1 turns
 60445 | Abyss:3  | Gained mutation: Potions are less effective at restoring
                  | your health. [a neqoxec]
 60447 | Abyss:3  | Found a corrupted altar of Lugonu.
 60453 | Abyss:3  | Reached ****** piety under Ashenzari
 60465 | Abyss:3  | Noticed a lich
 60583 | Abyss:3  | Got an abyssal rune of Zot
 60593 | Abyss:3  | Noticed a bone dragon
 60601 | Abyss:3  | Found a corrupted altar of Lugonu.
 60616 | Spider:3 | Escaped the Abyss
 60855 | Spider:2 | Lost mutation: Potions are less effective at restoring your
                  | health. [potion of mutation]
 60855 | Spider:2 | Lost mutation: You have hidden genetic defects. [potion of
                  | mutation]
 60855 | Spider:2 | Lost mutation: You are extremely frail. (-30% HP) [potion
                  | of mutation]
 60855 | Spider:2 | Gained mutation: Your movements are slightly less
                  | encumbered by armour. (ER -2) [potion of mutation]
 60856 | Spider:2 | Lost mutation: Your movements are slightly less encumbered
                  | by armour. (ER -2) [potion of mutation]
 60856 | Spider:2 | Lost mutation: You occasionally lose the ability to drink
                  | potions when taking damage. [potion of mutation]
 60856 | Spider:2 | Gained mutation: Your body often deteriorates upon taking
                  | damage. [potion of mutation]
 60856 | Spider:2 | Gained mutation: You are partially covered in iridescent
                  | scales. (AC +2) [potion of mutation]
 60857 | Spider:2 | Lost mutation: You are partially covered in iridescent
                  | scales. (AC +2) [potion of mutation]
 60857 | Spider:2 | Lost mutation: Your body often deteriorates upon taking
                  | damage. [potion of mutation]
 60895 | Spider:3 | Killed Louise
 62500 | Spider:4 | Reached XP level 19. HP: 135/135 MP: 20/40
 64745 | Spider:4 | Noticed Agnes
 65361 | Spider:4 | Killed Agnes
 65587 | Spider:4 | Got a gossamer rune of Zot
 66486 | D:12     | Found a runed translucent door.
 66608 | D:12     | Identified the +5 great sword of Ferar {holy, rF- Will+
                  | Str+5}
 67231 | Vaults:1 | Entered Level 1 of the Vaults
 67260 | Vaults:1 | Paralysed by a sphinx for 5 turns
 69059 | Vaults:1 | Found a portal to a secret trove of treasure.
 69687 | Vaults:1 | Reached XP level 20. HP: 147/147 MP: 22/44
 70547 | Vaults:1 | Learned a level 4 spell: Fulminant Prism
 70550 | Vaults:1 | Learned a level 2 spell: Searing Ray
 71457 | Vaults:2 | Identified the staff "Focil" {*Corrode Stlth+ Conj Hexes}
 71653 | Vaults:2 | Reached skill level 15 in Dodging
 71776 | Vaults:2 | Noticed Sojobo
 71784 | Vaults:2 | Paralysed by an air elemental for 1 turns
 72535 | Vaults:2 | Killed Sojobo
 73739 | Vaults:2 | Found a staircase to the Crypt.
 74306 | Orc:2    | Bought a scorched morningstar for 207 gold pieces
 74306 | Orc:2    | Identified the +9 morningstar of Munokk {flame, Dex+6} (You
                  | bought it in a shop on level 2 of the Orcish Mines)
 76133 | Vaults:3 | Identified the +8 short sword of Diet Blood {flame, *Rage
                  | Dex+6}
 76457 | Vaults:3 | Learned a level 2 spell: Blink
 77297 | Vaults:4 | Reached skill level 1 in Shapeshifting
 77709 | Vaults:4 | Reached XP level 21. HP: 138/156 MP: 34/46
 78036 | Vaults:4 | Found Fifa's Antique Weapon Shop.
 78971 | Crypt:1  | Entered Level 1 of the Crypt
 79084 | Crypt:1  | Reached skill level 5 in Shapeshifting
 82426 | Crypt:1  | Identified the amulet "Fyhaet" {Acrobat ^Fragile Fly rC+
                  | Stlth+}
 82927 | Crypt:1  | HP: 6/143 [??? (3)]
 83505 | Elf:1    | Entered Level 1 of the Elven Halls
 85045 | Elf:1    | Noticed Kirke
 85052 | Elf:1    | Killed Kirke
 85192 | Elf:1    | Reached skill level 10 in Shapeshifting
 86357 | Elf:1    | Reached XP level 22. HP: 163/163 MP: 13/47
 87921 | Elf:2    | Found a runed translucent gate.
 87922 | Elf:2    | Found a runed translucent gate.
 87922 | Elf:2    | Found a runed translucent gate.
 88052 | Elf:3    | Entered Level 3 of the Elven Halls
 90256 | Crypt:1  | Found a runed translucent door.
 90256 | Crypt:1  | Noticed Gith's ghost (veteran MeFi)
 91392 | Crypt:3  | Entered Level 3 of the Crypt
 92160 | Crypt:2  | Identified the cursed +0 pair of gloves of Curses and Power
                  | {Fort, Elem} (You found it on level 4 of the Swamp)
 93036 | Crypt:3  | Found a basalt altar of Yredelemnul.
 93256 | Crypt:3  | Paralysed by a vampire knight for 5 turns
 93479 | Crypt:3  | Noticed Mennas
 93528 | Crypt:2  | Learned a level 3 spell: Stone Arrow
 94520 | Elf:2    | Reached skill level 15 in Spellcasting
 95149 | Elf:3    | Noticed Zenata
 95153 | Elf:3    | Killed Zenata
 95306 | Elf:3    | Found Vuxilill's Specific Store.
 95309 | Elf:3    | Found Huqanug's General Store.
 95552 | Elf:3    | Found Toedyuz's Self-Published Books.
 95743 | Elf:3    | Reached XP level 23. HP: 168/168 MP: 41/48
 96251 | Elf:3    | Reached skill level 12 in Conjurations
 96678 | Orc:2    | Bought a book of Power for 756 gold pieces
 96685 | Orc:2    | Learned a level 6 spell: Bombard
 96693 | Orc:2    | Learned a level 7 spell: Spellforged Servitor
 96889 | Elf:3    | Reached skill level 1 in Summonings
 96891 | Elf:3    | Identified the +3 glaive "Pileneish" {vamp, +Blink rElec
                  | Will- Str+2}
 96891 | Elf:3    | Identified the ring of Ninuul {Wiz +Blink rElec rF+ Dex+3}
 96937 | Elf:3    | Identified the +8 halberd "Bifutao" {antimagic, *Corrode
                  | rN+ Str+3 Dex+4}
 97124 | Elf:3    | Identified the +8 rapier of Instant Death {venom, *Noise
                  | Will+++ Int+4}
 97216 | Elf:3    | Identified the amulet "Tonimeq" {Reflect ^Contam +Inv Int+3
                  | Dex+3 SH+5}
 97231 | Elf:3    | Reached skill level 13 in Conjurations
 97529 | Elf:3    | Identified the +0 plate armour of the Baleful God {Rampage
                  | rF- rC+ rCorr}
 97532 | Elf:3    | Identified the Atlas of the Great Work
 97556 | Elf:3    | Identified the staff of Charity {rElec rPois rF+ Str-3 Air}
 98035 | Depths:1 | Entered Level 1 of the Depths
 98115 | Depths:1 | Reached skill level 5 in Summonings
 98550 | Depths:1 | Found Pecuent's Overcharged Wands.
 98560 | Depths:2 | Identified the blade talisman "Girapucs" {rElec}
 98749 | Depths:1 | Reached skill level 14 in Conjurations
100188 | Depths:1 | Reached skill level 15 in Conjurations
100647 | Depths:2 | Found a runed translucent door.
100815 | Depths:3 | Found Haacih's Weapon Shoppe.
100928 | Depths:2 | Reached skill level 16 in Conjurations
101124 | Depths:2 | Found a one-way gate leading to the halls of Pandemonium.
101216 | Depths:2 | Found a one-way gateway to a ziggurat.
101586 | Depths:3 | Reached skill level 17 in Conjurations
101866 | Depths:1 | Reached XP level 24. HP: 158/176 MP: 20/48
102095 | Depths:1 | Reached skill level 18 in Conjurations
102214 | Depths:1 | Reached skill level 5 in Evocations
102582 | Depths:1 | Found a hazy altar of Hepliaklqana.
102692 | Depths:1 | Noticed Asterion
102795 | Depths:1 | Killed Asterion
103666 | Depths:1 | Found a gateway to Hell.
103922 | Depths:2 | Found a runed translucent door.
103928 | Depths:2 | Found a runed translucent door.
104559 | Depths:2 | Found Vutt's Book Shop.
104562 | Depths:2 | Bought the Notes on Stygian Injury for 690 gold pieces
104895 | Depths:3 | Found Big Baal Hell's Store.
104903 | Depths:3 | Bought the ring "Odawnut" {rC+ rN+ rCorr Dex-3 Stlth+} for
                  | 2290 gold pieces
104911 | Depths:3 | Found Wasatt's Weapon Shoppe.
104952 | Depths:3 | Found a one-way gate to the infinite horrors of the Abyss.
104957 | Depths:3 | Found Lebautidgh's Magic Scroll Emporium.
105601 | Depths:3 | Found Lacosch's Assorted Antiques.
105607 | Depths:4 | Entered Level 4 of the Depths
105701 | Depths:3 | Bought a potion of curing for 87 gold pieces
105701 | Depths:3 | Bought a scroll of revelation for 217 gold pieces
105723 | Depths:3 | Learned a level 9 spell: Fire Storm
106144 | Depths:3 | Found Umau's Assorted Antiques.
107479 | Depths:4 | Reached XP level 25. HP: 173/181 MP: 24/49
107631 | Depths:3 | Bought a scroll of teleportation for 72 gold pieces
107953 | Depths:4 | Found a gate to the Realm of Zot.
108596 | Vaults:5 | Entered Level 5 of the Vaults
108599 | Vaults:5 | Reached skill level 19 in Conjurations
108945 | Vaults:5 | Noticed an ancient lich
108949 | Vaults:4 | HP: 1/186 [frost giant/bolt of cold (48)]
109550 | Vaults:5 | Identified the +10 flail of the Candelabrum {elec, rF+ rC-
                  | Dex+6}
109923 | Vaults:5 | Reached skill level 20 in Conjurations
110354 | Vaults:5 | Killed an ancient lich
110516 | Vaults:5 | Identified the +1 chain mail of Durghinuj {Harm *Slow
                  | rC+++}
110632 | Vaults:5 | Identified the +2 flail of Skirmishing {heavy, rPois rC++
                  | rN+ Int-4}
111067 | Vaults:5 | Got a silver rune of Zot
111280 | Vaults:5 | Identified the -2 pair of boots of Negligence {rPois Will+}
111393 | Vaults:5 | Identified the +4 rapier "Goblin's Regret" {flame, rPois
                  | rN+ Dex+2 Stlth+}
111579 | Vaults:5 | Identified Wetuofeo's Exposition on the Hiemal Nimbus
111579 | Vaults:5 | Identified the Encyclopedia of Hurting
111702 | Vaults:5 | Identified Unafuu's Guidebook on the Dragon
111702 | Vaults:5 | Identified the +2 scale mail "Bowemp" {rCorr}
111886 | Vaults:5 | Identified the +1 pair of boots of Mymmaom {rN+}
111895 | Vaults:5 | Reached XP level 26. HP: 184/184 MP: 12/50
112030 | Vaults:5 | Identified the staff of Ufeyth {rF++ Str+3 Int-3 Earth}
112519 | Slime:1  | Entered Level 1 of the Pits of Slime
114448 | Slime:5  | Entered Level 5 of the Pits of Slime
114448 | Slime:5  | Identified the +9 mace of Resourcefulness {pain, rN+ Dex+4
                  | Stlth-}
114448 | Slime:5  | Identified the +8 morningstar of Abuse {antimagic, rC+
                  | Will+ Int-5 Dex+2}
114448 | Slime:5  | Identified Qeixteph's Anthology of Destiny
114552 | Slime:5  | Noticed the Royal Jelly
114614 | Slime:5  | Identified the +3 halberd of Doors {heavy, *Corrode +Blink
                  | rPois Str+3}
114614 | Slime:5  | Identified the +8 hand axe of Yssemimp {antimagic, rF-
                  | rCorr Dex+6 Stlth+}
114614 | Slime:5  | Identified the +9 short sword "Vesism" {freeze, Dex+3 SInv}
115214 | Slime:5  | Identified the ring "Etiz Yff" {Will+ Str+5}
115390 | Slime:5  | Found a viscous altar of Jiyva.
115438 | Slime:5  | Killed the Royal Jelly
115778 | Slime:5  | Got a slimy rune of Zot
116769 | Zot:1    | Entered Level 1 of the Realm of Zot
117216 | Zot:2    | Gained mutation: You are somewhat resistant to further
                  | mutation. [mutagenic glow]
117221 | Zot:2    | Gained mutation: Your mind is acute. (Int +4, Str/Dex -1)
                  | [mutagenic glow]
117234 | Zot:2    | Gained mutation: Your health recovers twice as slowly from
                  | being drained. [mutagenic glow]
118815 | Zot:2    | Reached XP level 27. HP: 192/192 MP: 40/52
119372 | Zot:5    | Entered Level 5 of the Realm of Zot
119808 | Zot:5    | Noticed a dread lich
119818 | Zot:5    | Killed a dread lich
119819 | Zot:5    | Reached skill level 21 in Conjurations
120529 | Zot:5    | Noticed an orb of fire
120536 | Zot:5    | Killed an orb of fire
120849 | Zot:5    | Noticed an orb of fire
120862 | Zot:5    | Killed an orb of fire
121003 | Zot:5    | Reached skill level 22 in Conjurations
121091 | Zot:5    | Noticed a dread lich
121091 | Zot:5    | Paralysed by a dread lich for 3 turns
121102 | Zot:5    | Killed a dread lich
121309 | Zot:5    | Noticed a dread lich
121318 | Zot:5    | Killed a dread lich
121379 | Zot:5    | Reached skill level 23 in Conjurations
121730 | Zot:5    | Noticed an ancient lich
121737 | Zot:5    | Killed an ancient lich
121859 | Zot:5    | Reached skill level 24 in Conjurations
121868 | Zot:5    | Noticed an ancient lich
121872 | Zot:5    | Killed an ancient lich
121935 | Zot:5    | Noticed an orb of fire
121941 | Zot:5    | Killed an orb of fire
122374 | Zot:5    | Got the Orb of Zot
122450 | Zot:5    | Noticed Plog the pandemonium lord
122460 | Zot:3    | Noticed a seraph
122662 | Depths:2 | Reached skill level 25 in Conjurations
122721 | Depths:1 | Noticed Meofol the pandemonium lord
122721 | Depths:1 | Noticed an ancient lich
122730 | Depths:2 | Killed an ancient lich
122811 | Depths:2 | Noticed Appaho the pandemonium lord
122868 | Depths:1 | Slain by Meofol the pandemonium lord

Illustrated notes

Levels and vault maps discovered:
D:1:      minmay_arrival_widening_spiral_wide, layout_loops_ring, serial_shops,
          nicolae_shop_behind_doors, wad_floor_pattern_1, minmay_tiny_reverse_x
D:2:      layout_loops_ring, hellmonk_ecumenical_altar_arch_garden, basic_altar,
          minmay_heptomino_o4
D:3:      layout_basic, uniq_natasha
D:4:      layout_cave_pods
D:5:      layout_basic, minmay_temple_entry_statues_pillars,
          gammafunk_ghost_grave, item_on_display_a, uniq_blork_the_orc
D:6:      layout_basic, mainiacjoe_overflow_concentric_impassable,
          kennysheep_generic_room_3, uniq_pikel
D:7:      layout_basic, old_standard_altar, uniq_jeremiah
D:8:      layout_basic, erik_lair_orcish_takeover
D:9:      layout_rooms, guppyfry_early_elven_hall
D:10:     layout_layer_cave, orc_0_dummy, hangedman_misty_isle
D:11:     layout_basic
D:12:     mludivico_vault, layout_loops_corners,
          nicolae_dithmenos_shadow_blocks, uniq_snorg, uniq_rupert
D:13:     layout_basic, skrybe_vaults_entry_preservation, kennysheep_dice,
          uniq_lodul
D:14:     layout_irregular_city
D:15:     hellmonk_depths_entry_around_the_bend, layout_small_grid,
          minmay_misc_feat_square
Temple:   mainiacjoe_temple_big_plus
Lair:1:   layout_misc_corridors, basic_altar, serial_bayou_shore_b,
          grunt_megastairs_5
Lair:2:   layout_hall_layers, nicolae_spider_entry_lesser_pyramids, st_stairs_3,
          beast_lair_carwin_5, uniq_gastronok, uniq_fannar, uniq_nergalle
Lair:3:   layout_loops_ring, alex1729_swamp_entry_worm_eleionoma
Lair:4:   layout_gridlike, grunt_megastairs_1
Lair:5:   grunt_lair_end_beastmaster, layout_small_grid, slime_entry_1,
          gammafunk_lair_bear_cave, uniq_josephine
Swamp:1:  layout_basic_swamp, infiniplex_staircase_pool, swamp_pool_1_2,
          nicolae_swamp_decorative_isthmus
Swamp:2:  cheibrodos_swamp_mausoleum, layout_basic_swamp, serial_swamp_ruin,
          evilmike_swamp_ruin_house_3, evilmike_swamp_ruin_house_5,
          swamp_pool_1_2, cheibrodos_swamp_pet_leeches
Swamp:3:  layout_basic_swamp, evilmike_swamp_ruin_house_6, swamp_pool_1_2,
          infiniplex_staircase_pool_2
Swamp:4:  swamp_alternative, layout_basic_swamp, swamp_pool_5,
          beargit_kiku_chapel
Spider:1: layout_chambers, portal_ice_cave_entry_pillars_1,
          nicolae_spider_baby_got_redback, uniq_jorgrun
Spider:2: layout_spider_delve
Spider:3: layout_cave_pods, nicolae_spider_some_kinda_spiderbox, uniq_nikola,
          uniq_louise
Spider:4: hellmonk_spider_rune_bug_friends, uniq_agnes
Slime:1:  layout_caves
Slime:2:  layout_caves
Slime:3:  layout_caves
Slime:4:  layout_caves
Slime:5:  slime_pit_nicolae_jellycorners
Orc:1:    layout_caves, minmay_orc_keep, uniq_sonja
Orc:2:    st_orc_mages, layout_caves, serial_shops, shop,
          einodemon_barbed_minivault
Elf:1:    eino_elf_arrival_customs, layout_loops_cross, kb_rosetta, uniq_kirke
Elf:2:    nicolae_elf_blades_splatter_lattice
          [nicolae_blade_entry_diamond_columns], layout_rooms
Elf:3:    elf_hall, layout_geoelf_castle, nicolae_custom_books,
          nicolae_specific_store, uniq_zenata
Vaults:1: nicolae_vaults_closet_pinwheel_2, nicolae_vaults_theta,
          vaults_room_pool, nicolae_vaults_oval_intersection,
          nicolae_vaults_mini_display_case, nicolae_vaults_hallways_thing,
          v_rooms_4, nicolae_vaults_meiosis,
          nicolae_vaults_doubleplus_tesselated, nicolae_vaults_trapezoid_1,
          ontoclasm_vaults_gateway, dpeg_vaults_monster_box,
          layout_vaults_omnibox, nicolae_trove_entry_columns
Vaults:2: v_misc_26, nicolae_vaults_inception_scallops,
          minmay_crypt_entry_skeletal_spiral, v_misc_10,
          nicolae_vaults_three_branches, nicolae_vaults_wrenched,
          nicolae_vaults_shock_wave, nicolae_vaults_circle_grid_b,
          nicolae_vaults_little_squares_6, nicolae_vaults_trapezoid_lopsided_1,
          vaults_room_door_ring, layout_vaults_ring, uniq_sojobo
Vaults:3: nicolae_vaults_tetromino_L_2, v_misc_15, nicolae_vaults_apartment_1,
          nicolae_vaults_closet_pinwheel_4, layout_vaults_omnigrid
Vaults:4: hangedman_vaults_slice, ontoclasm_vaults_decontamination,
          ontoclasm_vaults_ring_square, vaults_room_stairs_pillars,
          nicolae_vaults_network_s, nicolae_vaults_closet_pinwheel_3,
          vaults_room_grid, nicolae_vaults_tangram_1,
          nicolae_vaults_crenellated_ambush, layout_vaults_big_cross,
          serial_shops, nicolae_square_shop
Vaults:5
Crypt:1:  minmay_skeleton_keep, layout_chaotic_city,
          ebering_ghost_reflecting_pool, grunt_megastairs_2
Crypt:2:  layout_chaotic_city
Crypt:3:  grunt_crypt_end_deaths_head, uniq_mennas
Depths:1: nicolae_herringbone, layout_cave_shapes, nzn_hepliaklqana_mist_gate,
          grunt_hell_entry_dis_mu, nicolae_shop_overcharged_wands, uniq_asterion
Depths:2: thingy_vault_2, layout_cave_shapes, enter_ziggurat_f, serial_shops,
          kennysheep_mini_moat, rand_demon_pan_entry_7, hell_entry, wad_hexagon
Depths:3: minmay_inner_zag, layout_twisted_cross, roderic_serpentine_path,
          serial_shops, shop, shop, shop, shop,
          nicolae_shop_bloodbath_and_beyond, nicolae_hell_entry_big_baal_hell,
          abyss_entry
Depths:4: evilmike_zot_entry_diamond, layout_cave_shapes, grunt_hell_horde,
          abyss_entry, solitary_fountain
Zot:1:    layout_gridville, regret_index_zotdec_dark_gr
Zot:2:    layout_basic, regret_index_zotdec_twisting_globes
Zot:3:    layout_gridlike, grunt_megastairs_3, uniq_parghit
Zot:4:    layout_concentric_octagons, hangedman_zot_decor_checkerboard,
          lemuel_elevator
Zot:5:    layout_onion

Skill      XL: |  1  2  3  4  5  6  7  8  9 10 11 12 13 14 15 16 17 18 19 20 21 22 23 24 25 26 27 |
---------------+----------------------------------------------------------------------------------+-----
Air Magic      | 5 6 7 8 10 12 16 17 18 19 | 19.1
Spellcasting   | 3 4 5 7 8 9 11 12 13 14 15 16 17 18 | 18.5
Conjurations   | 2 3 4 6 9 10 11 17 18 20 25 | 25.3
Stealth        | 3 4 5 |  5.0
Fighting       | 2 4 6 8 10 11 13 14 15 16 18 19 | 19.5
Dodging        | 4 6 8 9 10 11 14 15 16 17 19 22 | 22.9
Fire Magic     | 2 5 8 9 10 11 13 15 16 17 18 20 | 20.1
Shields        | 1 3 4 5 |  5.9
Evocations     | 1 3 4 7 |  7.0
Shapeshifting  | 2 10 13 | 13.9
Summonings     | 7 |  7.8

Action                     |  1- 3 |  4- 6 |  7- 9 | 10-12 | 13-15 | 16-18 | 19-21 | 22-24 | 25-27 || total
---------------------------+-------+-------+-------+-------+-------+-------+-------+-------+-------++-------
  Melee: Dagger            |     7 |       |       |       |       |       |       |       |       ||     7
         Kick              |     3 |     2 |       |     6 |     4 |    37 |    26 |   113 |    89 ||   280
         Whip              |     9 |     6 |     1 |    11 |     8 |    61 |     7 |       |       ||   103
         Peck              |       |     3 |       |     4 |     2 |    20 |    20 |    67 |    55 ||   171
         Morningstar       |       |       |       |       |       |       |    37 |   192 |   134 ||   363
   Cast: Shock             |    84 |    93 |   132 |    47 |     1 |     3 |       |       |       ||   360
         Static Discharge  |       |    19 |    66 |   100 |   118 |     7 |       |       |     1 ||   311
         Foxfire           |       |       |    93 |   151 |   163 |    36 |     6 |     4 |       ||   453
         Plasma Beam       |       |       |       |    82 |   377 |   434 |   606 |   427 |   323 ||  2249
         Starburst         |       |       |       |       |     4 |    25 |     2 |       |       ||    31
         Airstrike         |       |       |       |       |     4 |       |       |       |       ||     4
         Iskenderun's Myst |       |       |       |       |       |    33 |    59 |    44 |     6 ||   142
         Ignition          |       |       |       |       |       |    74 |    82 |   176 |   180 ||   512
         Swiftness         |       |       |       |       |       |     1 |       |       |       ||     1
         Fulminant Prism   |       |       |       |       |       |       |     3 |     6 |       ||     9
         Searing Ray       |       |       |       |       |       |       |     3 |       |       ||     3
         Stone Arrow       |       |       |       |       |       |       |       |    47 |       ||    47
         Blink             |       |       |       |       |       |       |       |     1 |       ||     1
         Spellforged Servi |       |       |       |       |       |       |       |    42 |    69 ||   111
         Bombard           |       |       |       |       |       |       |       |     5 |    30 ||    35
         Fire Storm        |       |       |       |       |       |       |       |       |    15 ||    15
 Invoke: Curse Item        |       |       |     2 |     4 |     3 |     2 |     2 |     2 |     2 ||    17
         Shatter the Chain |       |       |       |       |     1 |     1 |     2 |     3 |     1 ||     8
  Evoke: Wand              |       |       |       |       |       |     1 |     5 |     1 |     1 ||     8
    Use: Scroll            |       |       |    16 |     3 |     4 |    19 |     3 |     2 |    16 ||    63
         Potion            |       |       |       |       |     1 |     9 |     9 |       |    28 ||    47
   Stab: Distracted        |       |       |       |       |       |       |       |       |     2 ||     2
 Armour: Leather armour    |     7 |    51 |   106 |   234 |   280 |   174 |    78 |     9 |       ||   939
         Skin              |       |       |       |       |       |       |       |   358 |   470 ||   828
  Dodge: Dodged            |    16 |    20 |   121 |   288 |   304 |   437 |   371 |  1188 |  1177 ||  3922
  Block: Buckler           |       |       |       |    24 |   155 |   251 |   238 |   698 |   598 ||  1964
         Reflection        |       |       |       |       |    12 |     4 |    24 |    23 |    29 ||    92
   Form: Statue            |       |       |       |       |       |       |       |     4 |       ||     4
                           |       |       |       |       |       |       |       |     3 |       ||     3

Table legend: (Time is in decaauts)
 A = Elapsed time spent in this place.
 B = Non-inter-level travel time spent in this place.
 C = Inter-level travel time spent in this place.
 D = Time resting spent in this place.
 E = Time spent auto-exploring this place.
 F = Levels seen in this place.
 G = Mean time per level.
                   A        B        C        D        E       F      G
               +--------+--------+--------+--------+--------+-----+--------+
         Total | 140091 | 131840 |   8251 |  73351 |  27964 |  57 | 2457.7 |
       Dungeon |  29917 |  26622 |   3295 |  13495 |   8252 |  15 | 1994.5 |
        Temple |     45 |     23 |     22 |      0 |      0 |   1 |   45.0 |
          Lair |  12930 |  12043 |    887 |   7160 |   2605 |   5 | 2586.0 |
         Swamp |  11000 |  10686 |    314 |   7218 |   1823 |   4 | 2750.0 |
   Spider Nest |  11509 |  11303 |    206 |   7237 |   2018 |   4 | 2877.2 |
    Slime Pits |   5480 |   5479 |      1 |   2859 |   1374 |   5 | 1096.0 |
  Orcish Mines |   5050 |   4726 |    324 |   3290 |    775 |   2 | 2525.0 |
   Elven Halls |  10350 |   9545 |    805 |   4394 |   2125 |   3 | 3450.0 |
        Vaults |  19063 |  17809 |   1254 |  10132 |   3646 |   5 | 3812.6 |
         Crypt |   8895 |   8715 |    180 |   4824 |   1189 |   3 | 2965.0 |
        Depths |  16581 |  15622 |    959 |   7820 |   3862 |   4 | 4145.2 |
           Zot |   8487 |   8486 |      1 |   4584 |    294 |   5 | 1697.4 |
         Abyss |    779 |    779 |      0 |    336 |      0 |   1 |  779.0 |
               +--------+--------+--------+--------+--------+-----+--------+

Top non-repeatable levels by time:
Vaults:2: 5834 daAuts
Depths:2: 5682 daAuts
Depths:1: 5042 daAuts
 Crypt:1: 4966 daAuts
Vaults:5: 4488 daAuts
   Zot:5: 4481 daAuts
   Elf:1: 3991 daAuts
   Elf:3: 3855 daAuts
 Swamp:2: 3818 daAuts
  Lair:5: 3485 daAuts
Vaults:1: 3483 daAuts
 Swamp:3: 3446 daAuts
   Orc:2: 3386 daAuts
Spider:1: 3328 daAuts
Depths:3: 3256 daAuts
